 Dungeon Crawl Stone Soup version 0.29-a0-1033-gb6c65ffae6 (webtiles) character file.

Game seed: 850800194802812119

35 Sweeb the Trooper (level 3, -2/40 HPs)
             Began as an Ogre Berserker on Aug 15, 2022.
             Was a Believer of Trog.
             Slain by Sigmund
             ... wielding a +0 scythe
              (5 damage)
             ... on level 2 of the Dungeon.
             The game lasted 00:01:36 (1508 turns).

Sweeb the Trooper (Ogre Berserker)                  Turns: 1508, Time: 00:01:37

Health: -2/40      AC:  3    Str: 21    XL:     3   Next: 33%
Magic:  3/3        EV: 10    Int:  8    God:    Trog [**....]
Gold:   69         SH:  0    Dex: 10    Spells: 2/2 levels left

rFire   . . .      SeeInvis .   a - +0 mace
rCold   . . .      Faith    .   (no shield)
rNeg    . . .      Spirit   .   b - +0 animal skin
rPois   .          Reflect  .   (helmet restricted)
rElec   .          Harm     .   (no cloak)
rCorr   .          Rampage  .   (gloves unavailable)
Will    .....                   (boots unavailable)
Stlth   +.........              (no amulet)
HPRegen 0.13/turn               (no ring)
MPRegen 0.08/turn               (no ring)

@: confused, weak-willed
A: large, unfitting armour, tough skin 1
a: Renounce Religion, Berserk, Trog's Hand


You were on level 2 of the Dungeon.
You worshipped Trog.
Trog was pleased with you.
You visited 1 branch of the dungeon, and saw 2 of its levels.

You collected 69 gold pieces.

Inventory:

Hand Weapons
 a - a +0 mace (weapon)
Armour
 b - a +0 animal skin (worn)
Jewellery
 g - a ring of flight
Potions
 c - a potion of brilliance


   Skills:
 + Level 4.4 Fighting
 * Level 3.3 Maces & Flails
 - Level 2.6 Dodging
 + Level 0.9 Stealth
 - Level 0.2 Spellcasting


You had 2 spell levels left.
You didn't know any spells.
Your spell library was empty.

Dungeon Overview and Level Annotations

Branches:
Dungeon (2/15)

Altars:

Annotations:
D:2 Sigmund


Innate Abilities, Weirdness & Mutations

You are too large for most types of armour.
You have tough skin. (AC +1)


Message History

The puff of flame hits you.
You thump Sigmund!
Sigmund is moderately wounded.
Sigmund casts a spell at you.
You are confused.
You are too confused!
You are too confused!
Unknown command.
Okay, then.
Okay, then.
You hit Sigmund.
Sigmund is heavily wounded.
Sigmund hits you with a +0 scythe.
You miss Sigmund.
Sigmund is heavily wounded.
Sigmund hits you with a +0 scythe.
You hit Sigmund but do no damage.
Sigmund is heavily wounded.
Sigmund casts a spell at you.
You are more confused.
You bump into the rock wall.
Sigmund points at you and mumbles some strange words.
You resist with significant effort.
You hit Sigmund.
Sigmund is heavily wounded.
Sigmund barely misses you.
You're too confused to move!
You sock Sigmund!
Sigmund is almost dead.
Sigmund casts a spell at you. The magic dart hits you!
* * * LOW HITPOINT WARNING * * *
Sigmund barely misses you.
You're too confused to move!
Sigmund hits you with a +0 scythe!
* * * LOW HITPOINT WARNING * * *
You bump into the rock wall.
Sigmund whispers, "You'll know eternity soon."
Sigmund hits you with a +0 scythe.
You die...

*,****** *,,,,,,,,, *,*
*,,,,,,,,, *,*
*,,,,,,,,,
*,*############*+*****,,
*,,.......<...#*,* ***
***############.##,* *
*,,.....!†.......#,* *
***###.###.#.##..#,*
#...@.#.......# *****
###.#@#......##**,,,,
#............,*,***
#...#.....###.*,* *
#...#.##.#..,,.,***
#...#.#*....,,,,,**
#....,,,,<,,,**,***
##.?.,,,,,,*,**,*
*,,,,,,,,,*,**,***


You could see Sigmund.

Vanquished Creatures
  A dart slug (D:2)
  3 bats (D:1)
  5 endoplasms (D:1)
  2 goblins (D:1)
  A hobgoblin (D:1)
  7 kobolds (D:1)
  A quokka (D:1)
  5 ball pythons (D:1)
  3 frilled lizards (D:1)
  2 rats (D:1)
30 creatures vanquished.

Notes
Turn   | Place    | Note
-------+----------+-------------------------------------------
     0 | D:1      | Sweeb the Ogre Berserker began the quest for the Orb.
     0 | D:1      | Reached XP level 1. HP: 24/24 MP: 1/1
   633 | D:1      | Reached XP level 2. HP: 32/32 MP: 2/2
   711 | D:1      | Found a faded altar of an unknown god.
   878 | D:1      | Reached XP level 3. HP: 36/40 MP: 3/3
  1031 | D:1      | Reached ** piety under Trog
  1491 | D:2      | Noticed Sigmund
  1508 | D:2      | Slain by Sigmund

Illustrated notes

Levels and vault maps discovered:
D:1:      roderic_chinese_lattice_arrival, layout_loops_ring,
          nicolae_ecumenical_snake_handling, hex_large, grunt_decor_clamped
D:2:      layout_basic, uniq_sigmund

Skill      XL: |  1  2 |
---------------+-------+-----
Maces & Flails | 3 |  3.3
Fighting       | |  4.4
Dodging        | |  2.6
Stealth        | |  0.9
Spellcasting   | |  0.2

Action                   || total
-------------------------++-------
Melee: Mace              ||    79
  Use: Scroll            ||     3
 Stab: Sleeping          ||     1
Armor: Animal skin       ||    25
Dodge: Dodged            ||    37

Table legend: (Time is in decaauts)
 A = Elapsed time spent in this place.
 B = Non-inter-level travel time spent in this place.
 C = Inter-level travel time spent in this place.
 D = Time resting spent in this place.
 E = Time spent auto-exploring this place.
 F = Levels seen in this place.
 G = Mean time per level.
                   A        B        C        D        E       F      G
               +--------+--------+--------+--------+--------+-----+--------+
         Total |   1527 |   1524 |      3 |    447 |    878 |   2 |  763.5 |
       Dungeon |   1527 |   1524 |      3 |    447 |    878 |   2 |  763.5 |
               +--------+--------+--------+--------+--------+-----+--------+

Top non-repeatable levels by time:
     D:1: 1496 daAuts
     D:2: 30 daAuts
